 Dungeon Crawl Stone Soup version 0.31-a0-1066-g35875b3 (webtiles) character file.

Game seed: 18742251875815812

284 NeededCrab the Ruffian (level 6, -1/60 (62) HPs)
             Began as an Ogre Shapeshifter on Nov 22, 2023.
             Slain by Crazy Yiuf
             ... wielding a +2 quarterstaff of chaos
              (7 damage)
             ... on level 2 of the Dungeon.
             The game lasted 00:08:09 (3304 turns).

NeededCrab the Ruffian (Ogre Shapeshifter)          Turns: 3304, Time: 00:08:09

HP:   -1/60 (62)    AC:  0    Str: 19    XL:     6   Next: 29%
MP:   6/6           EV: 14    Int: 13    God:
Gold: 133           SH:  0    Dex:  8    Spells: 5/5 levels left

rFire   . .          .
                       - Unarmed
rCold   . . .        (shield currently unavailable)
rNeg    . . .        a - melded +0 animal skin
rPois   .            (helmet currently unavailable)
rElec   .            (cloak currently unavailable)
rCorr   .            (gloves unavailable)
SInv    .            (boots unavailable)
Will    .....        (no amulet)
Stlth   +            s - melded ring of resist corrosion
HPRegen 0.30/turn    x - melded +6 ring of strength
MPRegen 0.10/turn

%: no passive effects
@: pig-form (expiring), slowed, lightly drained
A: fast, no casting, small, unfitting armour, (tough skin 1)
a: no special abilities


You were on level 2 of the Dungeon.
You were a filthy swine.
You visited 1 branch of the dungeon, and saw 3 of its levels.

You collected 133 gold pieces.

Inventory:

Missiles
 n - a throwing net
 v - 9 boomerangs
Armour
 a - a +0 animal skin (melded)
Magical Staves
 e - a staff of death
Jewellery
 s - a ring of resist corrosion (melded)
 x - a +6 ring of strength (melded)
Talismans
 c - a beast talisman
 d - a flux talisman
 q - a maw talisman
Scrolls
 f - a scroll of fog {unknown}
 g - 2 scrolls of noise {unknown}
 h - a scroll of teleportation {unknown}
 i - 3 scrolls of identify {unknown}
 j - 2 scrolls of revelation {unknown}
 k - 2 scrolls of vulnerability {unknown}
 p - 2 scrolls of fear {unknown}
 t - a scroll of enchant armour {unknown}
 u - a scroll of blinking {unknown}
Potions
 b - 3 potions of lignification
 l - a potion of attraction {unknown}
 m - a potion of brilliance {unknown}
 o - a potion of invisibility {unknown}
 r - a potion of ambrosia {unknown}
 w - 2 potions of heal wounds {unknown}


   Skills:
 + Level 4.1 Fighting
 - Level 1.7 Dodging
 * Level 4.8 Unarmed Combat
 + Level 4.0 Shapeshifting


You had 5 spell levels left.
You didn't know any spells.
Your spell library was empty.

Dungeon Overview and Level Annotations

Branches:
Dungeon (3/15)

Altars:
Hepliaklqana

Shops:
D:1 *

Annotations:
D:2 Crazy Yiuf
D:3 3 runed translucent doors, oops's ghost, weakling DsGl


Innate Abilities, Weirdness & Mutations

You are a filthy swine.
You move quickly.
Your equipment is almost entirely melded.
You are incapable of wielding weapons or throwing items.
You cannot cast spells.
You are too large for most types of armour.
((You have tough skin. (AC +1)))


Message History

There is a stone staircase leading up here.
You climb upwards.
Level annotation: 1 runed translucent door, Crazy Yiuf
There is a stone staircase leading down here.
You see here a +0 spear.
Things that are here:
a +0 scale mail; a +0 mace You see here a +0 dagger.
Crazy Yiuf shouts!
Crazy Yiuf laughs, "Tosser!
Blight horse blue."
You open the door. You completely miss Crazy Yiuf.
Crazy Yiuf hits you with a +2 quarterstaff of chaos!
Your transformation has ended.
You turn into a filthy swine.
Your +0 animal skin melds into your body.
Your ring of resist corrosion melds into your body.
Your +6 ring of strength melds into your body.
You feel weaker. Crazy Yiuf attacks as he pursues you!
Crazy Yiuf hits you with a +2 quarterstaff of chaos.
You feel yourself slow down.
You hit Crazy Yiuf.
Crazy Yiuf is lightly wounded.
Crazy Yiuf hits you with a +2 quarterstaff of chaos!
You feel drained. Crazy Yiuf attacks as he pursues you!
Crazy Yiuf barely misses you.
Crazy Yiuf laughs, "Ice!"
Crazy Yiuf screams, "Castle!"
Crazy Yiuf attacks as he pursues you!
Crazy Yiuf hits you with a +2 quarterstaff of chaos!
Crazy Yiuf burns you.
* * * LOW HITPOINT WARNING * * *
You barely miss Crazy Yiuf.
Crazy Yiuf is lightly wounded.
Your transformation is almost over.
Crazy Yiuf hits you with a +2 quarterstaff of chaos!!
* * * LOW HITPOINT WARNING * * *
Crazy Yiuf freezes you!
You die...

.÷...PP# #.# ..÷÷#P##
#.# ######## .###PP♣ #.#
##....#.### ## #...P.#
#.# ##....P.#..##...
.....P♣ #.#
#......####.'...
.P..P♣#####.# #.....##
###..) ♣..P♣♣#.....#
#..#### ## #.♣♣♣
#.....#######.# ###
#.........hg..#
#......######.##########
# #.....## #..........#
# #.....# #..........# #
#.....# ##.############
####### ##.# ####...
##..# ###....## ###..##
#...#### #...######.###


You could see Crazy Yiuf.

Vanquished Creatures
  A hound (D:3)
  Natasha (thrice) (D:2)
  Terence (D:2)
  An orc wizard (D:3)
  3 gnolls
  3 adders
  3 dart slugs
  10 orcs (D:3)
  6 bats
  3 endoplasms
  2 giant cockroaches
  7 hobgoblins
  3 jackals (D:1)
  9 kobolds
  3 quokkas
  6 ball pythons
  3 frilled lizards
  3 goblins
  7 rats
77 creatures vanquished.

Notes
Turn   | Place    | Note
-------+----------+-------------------------------------------
     0 | D:1      | NeededCrab the Ogre Shapeshifter began the quest for the
                  | Orb.
     0 | D:1      | Reached XP level 1. HP: 19/19 MP: 1/1
    21 | D:1      | Found a faded altar of an unknown god.
    68 | D:1      | Reached XP level 2. HP: 28/28 MP: 2/2
   275 | D:1      | Reached XP level 3. HP: 30/35 MP: 3/3
   310 | D:1      | Found Beafuczao's Assorted Antiques.
   739 | D:2      | Noticed Natasha
   744 | D:2      | Killed Natasha
   745 | D:2      | Reached XP level 4. HP: 32/44 MP: 4/4
  1179 | D:2      | Noticed Natasha
  1187 | D:2      | Killed Natasha
  1341 | D:1      | Reached XP level 5. HP: 20/53 MP: 5/5
  1469 | D:2      | Noticed Terence
  1489 | D:2      | Killed Terence
  1908 | D:2      | Noticed Natasha
  1916 | D:2      | Killed Natasha
  2060 | D:2      | Found a runed translucent door.
  2063 | D:2      | Noticed Crazy Yiuf
  2312 | D:3      | Reached XP level 6. HP: 53/62 MP: 6/6
  2349 | D:3      | Noticed oops's ghost (weakling DsGl)
  2351 | D:3      | Noticed an orc warrior
  2359 | D:3      | Found a runed translucent gate.
  2359 | D:3      | Found a runed translucent gate.
  2359 | D:3      | Found a runed translucent gate.
  2448 | D:3      | Found a hazy altar of Hepliaklqana.
  3304 | D:2      | Slain by Crazy Yiuf

Illustrated notes

Levels and vault maps discovered:
D:1:      roderic_chinese_lattice_arrival, layout_rooms,
          shapermc_ecumenical_altar_mp_highgroup, serial_shops,
          nicolae_shop_competitors_out_of_business, nrook_mini_backslash,
          grunt_decor_resistance
D:2:      layout_rooms, lexackson_kobold_supper, uniq_terence,
          uniq_crazy_yiuf_cottage, uniq_natasha
D:3:      layout_loops_ring, mainiacjoe_overflow_tiny_flanked,
          gammafunk_ghost_split

Skill      XL: |  1  2  3  4  5  6 |
---------------+-------------------+-----
Unarmed Combat | 3 4 |  4.8
Fighting       | 2 3 4 |  4.1
Shapeshifting  | 4 |  4.0
Dodging        | |  1.7

Action                     |  1- 3 |  4- 6 || total
---------------------------+-------+-------++-------
  Melee: Unarmed           |    70 |   211 ||   281
         Punch             |     2 |     2 ||     4
   Stab: Sleeping          |     1 |       ||     1
 Armour: Animal skin       |    42 |   123 ||   165
         Skin              |       |     4 ||     4
  Dodge: Dodged            |    32 |    78 ||   110

Table legend: (Time is in decaauts)
 A = Elapsed time spent in this place.
 B = Non-inter-level travel time spent in this place.
 C = Inter-level travel time spent in this place.
 D = Time resting spent in this place.
 E = Time spent auto-exploring this place.
 F = Levels seen in this place.
 G = Mean time per level.
                   A        B        C        D        E       F      G
               +--------+--------+--------+--------+--------+-----+--------+
         Total |   3283 |   3129 |    154 |    247 |   2170 |   3 | 1094.3 |
       Dungeon |   3283 |   3129 |    154 |    247 |   2170 |   3 | 1094.3 |
               +--------+--------+--------+--------+--------+-----+--------+

Top non-repeatable levels by time:
     D:2: 1221 daAuts
     D:1: 1031 daAuts
     D:3: 1029 daAuts
